 Dungeon Crawl Stone Soup version 0.24-a0-179-g7a2c91a (webtiles) character file.

Game seed: 7755375676442284315

28151 tilp the Basher (level 13, -24/106 HPs)
             Began as a Demonspawn Chaos Knight on Mar 12, 2019.
             Was a Plaything of Xom.
             Annihilated by a fire giant
             ... wielding an uncursed staff of earth
              (28 damage)
             ... in a Gauntlet on Mar 13, 2019.
             The game lasted 01:03:27 (12709 turns).

tilp the Basher (Demonspawn Chaos Knight)          Turns: 12709, Time: 01:03:30

Health: -24/106    AC: 11    Str: 16    XL:     13   Next: 8%
Magic:  0/18       EV:  9    Int: 16    God:    Xom [......]
Gold:   581        SH:  0    Dex: 16    Spells: 12/12 levels left

rFire    . . .     SeeInvis .   a - +1 mace (chaos)
rCold    + . .     Gourm    .   (no shield)
rNeg     . . .     Faith    .   C - +4 chain mail {rPois}
rPois    +         Spirit   +   K - +0 hat
rElec    .         Reflect  .   Q - +0 cloak {MR+}
rCorr    .         Harm     .   (no gloves)
MR       ++...     NoTele   +   (no boots)
Stlth    ..........             (no amulet)
HPRegen  0.27/turn              l - ring of protection from magic
MPRegen  0.32/turn              (no ring)

@: very slightly contaminated, invisible
A: claws 2, hooves 1, horns 2, agile 1, blink, blurry vision 1, clever 1, cold
resistance 1, deformed body, spiny 2, wild magic 1, magic shield, magic
regeneration
a: Blink, Renounce Religion


You were in a Gauntlet.
You worshipped Xom.
You were a very special plaything of Xom.
You were hungry.

You visited 2 branches of the dungeon, and saw 12 of its levels.
You also visited: Bailey and Gauntlet.

You collected 581 gold pieces.

Inventory:

Hand Weapons
 a - a +1 mace of chaos (weapon)
 b - a +2 scimitar of flaming
 H - the +3 bardiche "Lafeoki" {chop, rF+, unknown}
   (You found it in a Gauntlet)

   It inflicts extra damage upon your enemies.
   It protects you from fire.
 I - a +3 executioner's axe of distortion
 J - the +2 bardiche of the Depths {pain, rC- Str+5 SInv, unknown}
   (You found it in a bailey)

   In the hands of one skilled in necromantic magic, it inflicts extra damage on
   living creatures.
   It affects your strength (+5).
   It makes you vulnerable to cold.
   It lets you see invisible.
Missiles
 D - a throwing net
 F - 3 tomahawks
 G - 16 javelins of returning (quivered)
 M - 6 poisoned tomahawks
Armour
 y - a +0 plate armour
 C - a +4 chain mail of poison resistance (worn)
 K - a +0 hat (worn)
 L - the cursed +0 ring mail of Fazumefohu {rF++ rN+ Int+2 Stlth-, unknown}
   (You found it in a Gauntlet)

   It affects your intelligence (+2).
   It greatly protects you from fire.
   It protects you from negative energy.
   It makes you less stealthy.
   It has a curse placed upon it.
 Q - a +0 cloak of magic resistance (worn)
Jewellery
 e - an uncursed ring of protection from cold {unknown}
 h - an uncursed ring of protection from cold {unknown}
 l - a ring of protection from magic (left claw)
 o - a cursed ring of fire {unknown}
 z - an uncursed ring of magical power {unknown}
Wands
 f - a wand of disintegration (12)
 E - a wand of flame (4)
 O - a wand of acid (5)
 P - a wand of clouds (5)
Scrolls
 g - 3 scrolls of enchant weapon
 i - 5 scrolls of magic mapping
 n - 2 scrolls of immolation
 q - a scroll of fog {unknown}
 s - 2 scrolls of blinking
 v - 3 scrolls of remove curse
 x - 3 scrolls of random uselessness
 B - a scroll of fear {unknown}
Potions
 d - 3 potions of invisibility
 j - 2 potions of ambrosia
 k - a potion of agility
 p - 3 potions of brilliance
 r - 2 potions of haste
 t - 2 potions of cancellation
Miscellaneous
 N - a lamp of fire (inert)
Comestibles
 c - 24 rations


   Skills:
 - Level 11.0 Fighting
 - Level 14.0 Maces & Flails
 - Level 6.0 Armour
 - Level 4.0 Dodging
 + Level 7.1 Evocations


You had 12 spell levels left.
You didn't know any spells.
Your spell library contained the following spells:

 Spells                   Type           Power        Failure   Level  Hunger
 Animate Skeleton         Necr           N/A          99%         1    ##.....
 Flame Tongue             Conj/Fire      #....        99%         1    ##.....
 Pain                     Necr           #...         99%         1    ##.....
 Throw Flame              Conj/Fire      #.....       99%         2    ###....
 Conjure Flame            Conj/Fire      #.......     100%        3    ####...
 Inner Flame              Hex/Fire       #.......     100%        3    ####...
 Regeneration             Chrm/Necr      #.........   100%        3    ####...
 Vampiric Draining        Necr           #.........   100%        3    ####...
 Animate Dead             Necr           N/A          100%        4    #####..
 Sticky Flame             Conj/Fire      #.......     100%        4    #####..
 Fireball                 Conj/Fire      #.........   100%        5    ######.


Dungeon Overview and Level Annotations

Branches:
Dungeon (11/15)            Temple (0/1) D:5            Lair (1/6) D:9
    Orc (0/2) D:10

Altars:
Dithmenos
Fedhas
Kikubaaqudgha
Nemelex Xobeh
Okawaru
Qazlal
Trog
Vehumet
Xom
Yredelemnul

Shops:
D:5 *   D:8 *

Portals:
Trove: D:10 (give +5 demon trident)

Annotations:
D:5 2 runed translucent doors
D:9 Gastronok Gauntlet 8 transporters


Innate Abilities, Weirdness & Mutations

You have very sharp fingernails.
You have large cloven feet.
You have a pair of horns on your head.
You are mostly covered in sharp spines.
When hurt, damage is shared between your health and your magic reserves.
You regenerate magic rapidly.
You are agile. (Dex +2)
You can translocate small distances at will.
Scrolls take you a little longer to read.
Your mind is acute. (Int +2)
Your flesh is cold resistant. (rC+)
Armour fits poorly on your strangely shaped body.
Your spells are a little harder to cast, but a little more powerful.


Message History

Aiming: Paralyse
Press: ? - help, Shift-Dir - straight line, f/p - fire giant
Aim: a fire giant, wielding a staff of earth (heavily wounded, chance to defeat MR: 18%)
The fire giant resists with almost no effort.
Evoke which item? (* to show all) (? for menu, Esc to quit)
Aiming: Paralyse
Press: ? - help, Shift-Dir - straight line, f/p - fire giant
Aim: a fire giant, wielding a staff of earth (heavily wounded, chance to defeat MR: 18%)
The fire giant resists with almost no effort.
The now-empty wand crumbles to dust.
Evoke which item? (* to show all) (? for menu, Esc to quit)
Okay, then.
A fire giant is nearby!
You feel better.
The fire giant is struck by your spines.
The fire giant hits you with an uncursed staff of earth!!
* * * LOW HITPOINT WARNING * * *
The fire giant crushes you!
You die...
Xom chortles!

#≈...###
##########......
#...##.####.8...
#.#.##..##§§.... *
#.#......##...##
#.#.##....#...#. ###+#
#...##.©8.#...#.
###..⌠.##.#.##....#...#(
#.'⌠.(.@C.#C...©8.#.8.#©
###...∩##.#.##....#...#[
#.⌠..*#...##.©8.#...#)
##+##*#.#.##....#...#h
,* #.#......##...## *
#.#.##..##≈.....
#...##.####.8...
#####***##......
#≈...###


You could see a fire giant.

Vanquished Creatures
  Fannar (D:11)
  Erica (D:9)
  A two-headed ogre (D:11)
  An unseen horror (D:10)
  2 ugly things (D:11)
  Joseph (D:8)
  2 trolls (D:10)
  A jumping spider (Gauntlet)
  3 hippogriffs
  Sigmund (D:6)
  A redback (shapeshifter) (Bailey)
  A spriggan (D:8)
  8 yaks
  2 shadows
  4 fire bats (Gauntlet)
  4 humans (D:8)
  Grum (D:9)
  A hungry ghost (D:10)
  A large abomination (Gauntlet)
  3 water moccasins
  4 black bears
  3 ice beasts
  2 sky beasts
  11 orc warriors
  11 centaurs
  2 phantoms
  2 ogres
  4 wolves (D:9)
  A crocodile (D:9)
  4 small abominations (Gauntlet)
  6 bullfrogs
  A water moccasin zombie (D:7)
  A scorpion (D:4)
  5 killer bees (D:9)
  4 wights (D:9)
  7 howler monkeys
  7 crimson imps
  2 quasits (D:9)
  2 bullfrog zombies
  13 hounds
  3 jellies
  A bullfrog skeleton (D:9)
  5 orc priests
  8 iguanas
  13 orc wizards
  8 worker ants
  2 hound zombies
  3 hound skeletons
  A worker ant zombie (D:5)
  22 gnolls
  19 adders
  3 shadow imps
  4 oozes
  3 adder skeletons
  A worm (D:2)
  2 dart slugs
  5 leopard geckos
  47 orcs
  5 giant cockroaches
  11 goblins
  9 hobgoblins
  14 jackals
  8 kobolds
  5 quokkas
  A ball python (D:5)
  5 bats
  4 frilled lizards
  A jackal zombie (D:7)
  A leopard gecko skeleton (D:5)
  A leopard gecko zombie (D:5)
  3 rats (D:2)
350 creatures vanquished.

Vanquished Creatures (collateral kills)
  Harold (D:9)
  A troll (D:9)
  A hornet (D:9)
  Prince Ribbit (D:8)
  A yak (D:9)
  A human (D:8)
  A hound (D:9)
  A howler monkey zombie (D:6)
8 creatures vanquished.

Vanquished Creatures (others)
  A jelly (D:9)
  A jackal (D:8)
2 creatures vanquished.

Grand Total: 360 creatures vanquished

Notes
Turn   | Place    | Note
-------+----------+-------------------------------------------
     0 | D:1      | tilp the Demonspawn Chaos Knight began the quest for the
                  | Orb.
     0 | D:1      | Reached XP level 1. HP: 18/18 MP: 1/1
    20 | D:1      | Reached skill level 3 in Maces & Flails
   105 | D:1      | XOM: harmless Conj miscast
   205 | D:1      | Gained mutation: When hurt, damage is shared between your
                  | health and your magic reserves. [demonic ancestry]
   205 | D:1      | Reached XP level 2. HP: 14/24 MP: 2/2
   422 | D:2      | Gained mutation: You have large cloven feet. [demonic
                  | ancestry]
   422 | D:2      | Reached XP level 3. HP: 29/29 MP: 3/3
   478 | D:2      | XOM: silly message
   482 | D:2      | Reached skill level 4 in Maces & Flails
   741 | D:2      | Reached XP level 4. HP: 24/35 MP: 2/4
  1144 | D:2      | Reached skill level 5 in Maces & Flails
  1159 | D:2      | XOM: harmless Chrm miscast
  1331 | D:3      | Gained mutation: You have sharp fingernails. [demonic
                  | ancestry]
  1331 | D:3      | Reached XP level 5. HP: 34/41 MP: 3/5
  1335 | D:3      | Noticed a black bear
  1376 | D:3      | XOM: harmless Erth miscast
  1377 | D:3      | XOM: potion effect (might)
  1378 | D:3      | Killed a black bear
  1378 | D:3      | Reached skill level 6 in Maces & Flails
  1395 | D:3      | Gained mutation: You have a pair of small horns on your
                  | head. [demonic ancestry]
  1395 | D:3      | Reached XP level 6. HP: 18/47 MP: 6/6
  1521 | D:3      | Found a stormy altar of Qazlal.
  1529 | D:3      | XOM: potion effect (might)
  1628 | D:3      | Found a blossoming altar of Fedhas.
  1985 | D:4      | XOM: divination: magic mapping
  1990 | D:4      | Reached skill level 7 in Maces & Flails
  2158 | D:4      | XOM: divination: detect items
  2160 | D:4      | XOM: medium Tmut miscast
  2167 | D:4      | Gained mutation: You are partially covered in sharp spines.
                  | [demonic ancestry]
  2167 | D:4      | Reached XP level 7. HP: 28/52 MP: 3/7
  2260 | D:4      | XOM: confusion
  2305 | D:4      | Reached skill level 8 in Maces & Flails
  2755 | D:5      | Entered Level 5 of the Dungeon
  2820 | D:5      | Found a staircase to the Ecumenical Temple.
  2848 | D:5      | XOM: severe Tloc miscast
  2860 | D:5      | XOM: summons 1 hostile demon
  3147 | D:5      | Found a runed translucent door.
  3160 | D:5      | Gained mutation: You have a pair of horns on your head.
                  | [demonic ancestry]
  3160 | D:5      | Reached XP level 8. HP: 56/58 MP: 6/8
  3174 | D:5      | Found a runed translucent door.
  3206 | D:5      | Reached skill level 9 in Maces & Flails
  3217 | D:5      | Found an ancient bone altar of Kikubaaqudgha.
  3405 | D:5      | Found Itweceg's Serpentskin Sales.
  3667 | D:6      | XOM: summons friendly crimson imp
  3722 | D:6      | Reached skill level 10 in Maces & Flails
  3910 | D:6      | Noticed Sigmund
  4014 | D:6      | HP: 1/58 [electric eel/bolt of electricity (3)]
  4045 | D:6      | XOM: summons 4 friendly demons
  4065 | D:7      | XOM: god gift: 17 stones
  4080 | D:7      | Found a shadowy altar of Dithmenos.
  4092 | D:7      | Found a shimmering altar of Xom.
  4094 | D:7      | Found an iron altar of Okawaru.
  4094 | D:7      | Found a bloodstained altar of Trog.
  4094 | D:7      | Found a basalt altar of Yredelemnul.
  4098 | D:7      | Found a radiant altar of Vehumet.
  4347 | D:7      | XOM: smoke on damage
  4348 | D:7      | Reached skill level 11 in Maces & Flails
  4348 | D:7      | Gained mutation: You have very sharp fingernails. [demonic
                  | ancestry]
  4348 | D:7      | Reached XP level 9. HP: 42/63 MP: 9/9
  4376 | D:6      | Found a sparkling altar of Nemelex Xobeh.
  4386 | D:6      | XOM: 2-stop teleportation journey
  4402 | D:6      | Killed Sigmund
  4620 | D:7      | Found a basalt altar of Yredelemnul.
  4620 | D:7      | XOM: 1-stop teleportation journey
  4678 | D:7      | Upgraded the game from 0.24-a0-176-gc3651c4 to
                  | 0.24-a0-179-g7a2c91a
  4695 | D:7      | XOM: blink monster(s)
  4697 | D:7      | XOM: swap monsters
  4812 | D:7      | XOM: chaos upgrade
  4953 | D:8      | Noticed Prince Ribbit
  4954 | D:8      | XOM: cast spell 'Summon Mana Viper'
  4961 | D:8      | Killed Prince Ribbit
  4963 | D:8      | Reached skill level 12 in Maces & Flails
  5015 | D:8      | Noticed Joseph
  5052 | D:8      | Found Jywnayhin's Lightly-Used Armoury.
  5111 | D:8      | XOM: polymorph human -> human
  5113 | D:8      | XOM: summons 5 friendly demons
  5327 | D:8      | Reached skill level 13 in Maces & Flails
  5327 | D:8      | Reached XP level 10. HP: 63/70 MP: 10/10
  5363 | D:8      | Killed Joseph
  5832 | D:8      | XOM: torment (40/70 hp)
  5869 | D:8      | HP: 1/70 [orc warrior/+0 halberd (16)]
  6047 | D:8      | XOM: harmless Erth miscast
  6366 | D:9      | Noticed Gastronok
  6405 | D:9      | XOM: confusion
  6525 | D:9      | XOM: summons friendly iron imp
  6533 | D:9      | XOM: potion effect (heal wounds)
  6540 | D:9      | XOM: confuse monster(s)
  6599 | D:9      | XOM: cast spell 'Summon Butterflies'
  6608 | D:9      | XOM: enchant monster (good)
  6610 | D:9      | Found a staircase to the Lair.
  6614 | D:9      | XOM: divination: magic mapping
  6616 | D:9      | XOM: potion effect (heal wounds)
  6625 | D:9      | XOM: confuse monster(s)
  6629 | D:9      | Noticed Harold
  6630 | D:9      | Reached skill level 14 in Maces & Flails
  6659 | D:9      | XOM: confuse monster(s)
  6676 | D:9      | Killed Harold
  6676 | D:9      | Reached skill level 5 in Fighting
  6693 | D:9      | Reached skill level 1 in Evocations
  6819 | D:9      | XOM: scenery: create altars
  6819 | D:9      | Noticed Grum
  6824 | D:9      | XOM: confusion (+ monsters)
  6833 | D:9      | Noticed Erica
  6834 | D:9      | XOM: butterfly on damage
  6836 | D:9      | XOM: potion effect (haste)
  6884 | D:8      | XOM: harmless Conj miscast
  7166 | D:9      | XOM: cast spell 'Leda's Liquefaction'
  7182 | D:9      | Killed Grum
  7230 | D:9      | Reached XP level 11. HP: 56/81 MP: 11/13
  7334 | D:9      | XOM: give mutation
  7334 | D:9      | Gained mutation: You can translocate small distances at
                  | will. [Xom's grace]
  7338 | D:9      | XOM: give mutation
  7338 | D:9      | Gained mutation: You are agile. (Dex +2) [Xom's grace]
  7441 | D:10     | Entered Level 10 of the Dungeon
  7455 | D:10     | Killed an unseen horror
  7967 | D:10     | Found a staircase to the Orcish Mines.
  7984 | D:10     | Found a portal to a secret trove of treasure.
  7997 | D:10     | Reached skill level 1 in Dodging
  8169 | D:10     | XOM: give mutation
  8169 | D:10     | Gained mutation: Your flesh is cold resistant. (rC+) [Xom's
                  | grace]
  8280 | D:11     | Noticed a green ugly thing
  8292 | D:11     | Killed a green ugly thing
  8356 | D:11     | XOM: give mutations
  8356 | D:11     | Gained mutation: You are very agile. (Dex +4) [Xom's grace]
  8356 | D:11     | Gained mutation: You evolve. [Xom's grace]
  8363 | D:11     | Found a flagged portal.
  8376 | Bailey   | Entered a bailey
  9007 | Bailey   | XOM: scenery: 1 doors open
  9221 | Bailey   | XOM: god gift: wand of iceblast (5)
  9611 | Bailey   | XOM: noise
  9612 | Bailey   | XOM: enchant monster (good)
 10436 | Bailey   | XOM: mild Erth miscast
 10493 | Bailey   | Got a transparent bardiche
 10626 | D:11     | Gained mutation: Scrolls take you a little longer to read.
                  | [mutagenic glow]
 10690 | D:11     | Gained mutation: Your magical capacity is low. (-10% MP)
                  | [mutagenic glow]
 10712 | D:11     | Gained mutation: Armour fits poorly on your strangely
                  | shaped body. [mutagenic glow]
 10741 | D:11     | XOM: summons 3 friendly demons
 10788 | D:11     | XOM: god gift: 17 gold pieces
 10834 | D:11     | XOM: scenery: 1 doors open
 11067 | D:11     | XOM: 2-stop teleportation journey
 11068 | D:11     | Noticed a two-headed ogre
 11071 | D:11     | Killed a two-headed ogre
 11150 | D:11     | XOM: scenery: 1 doors open, 2 doors close
 11162 | D:11     | Noticed a purple ugly thing
 11162 | D:11     | XOM: harmless Hex miscast
 11171 | D:11     | Noticed Fannar
 11172 | D:11     | XOM: divination: detect creatures
 11177 | D:11     | Killed a purple ugly thing
 11178 | D:11     | Killed Fannar
 11205 | D:11     | XOM: god gift: jewelled silver wand {god gift}
 11515 | D:9      | Killed Erica
 11515 | D:9      | Reached skill level 10 in Fighting
 11515 | D:9      | Gained mutation: You regenerate magic rapidly. [demonic
                  | ancestry]
 11515 | D:9      | Reached XP level 12. HP: 97/97 MP: 13/13
 11537 | D:9      | XOM: medium Tloc miscast
 11554 | D:9      | XOM: god gift: great sword {god gift}
 11650 | Lair:1   | Entered Level 1 of the Lair of Beasts
 11653 | Lair:1   | Found a gate leading to a gauntlet.
 11703 | Gauntlet | Entered a Gauntlet
 11703 | Gauntlet | Found a transporter.
 11706 | Gauntlet | Found a transporter.
 11726 | Gauntlet | Found a transporter.
 11730 | Gauntlet | Found a transporter.
 11736 | Gauntlet | Found a transporter.
 11753 | Gauntlet | Noticed a balrug
 11756 | Gauntlet | Found a transporter.
 11759 | Gauntlet | Found a transporter.
 11781 | Gauntlet | XOM: god gift: wand of clouds (7)
 11787 | Gauntlet | Found a transporter.
 11804 | Gauntlet | Found a transporter.
 11808 | Gauntlet | Found a transporter.
 11816 | Gauntlet | Noticed a green death
 11819 | Gauntlet | Found a transporter.
 11825 | Gauntlet | XOM: scenery: create altars
 11836 | Gauntlet | Found a transporter.
 12142 | Gauntlet | XOM: cloud trail
 12209 | Gauntlet | Gained mutation: You are mostly covered in sharp spines.
                  | [demonic ancestry]
 12209 | Gauntlet | Reached XP level 13. HP: 106/106 MP: 13/15
 12210 | Gauntlet | Lost mutation: You are very agile. (Dex +4) [potion of
                  | mutation]
 12210 | Gauntlet | Lost mutation: Your magical capacity is low. (-10% MP)
                  | [potion of mutation]
 12210 | Gauntlet | Gained mutation: Your spells are a little harder to cast,
                  | but a little more powerful. [potion of mutation]
 12210 | Gauntlet | Lost mutation: You evolve. [potion of mutation]
 12210 | Gauntlet | Gained mutation: Your mind is acute. (Int +2) [potion of
                  | mutation]
 12299 | Gauntlet | XOM: divination: magic mapping
 12392 | Gauntlet | Got a fine bardiche
 12394 | Gauntlet | Got a slimy ring mail
 12689 | Gauntlet | Identified the +3 ice dragon scales of Fyghac {rF- rC++
                  | MR++}
 12689 | Gauntlet | Noticed a minotaur
 12690 | Gauntlet | Noticed a fire giant
 12690 | Gauntlet | a minotaur changed into a fire giant
 12690 | Gauntlet | XOM: polymorph minotaur -> fire giant
 12694 | Gauntlet | XOM: mild Erth miscast
 12701 | Gauntlet | XOM: mild Necr miscast
 12709 | Gauntlet | HP: 4/106 [fire giant/uncursed staff of earth (17)]
 12709 | Gauntlet | Annihilated by a fire giant

Levels and vault maps discovered:
D:1:      psy_arrival_basics, layout_rooms
D:2:      layout_loops_ring
D:3:      layout_loops_cross, grunt_temple_overflow_forces_of_nature
D:4:      layout_loops_ring, st_stairs_7
D:5:      lemuel_insect_pit, layout_basic, nicolae_overflow_hidden_temple,
          kiku_gazebo_pond_becter, minmay_temple_entry_glassed_door,
          first_ration, hangedman_abyss_or_decor_stagger,
          corexii_hall_statues_s, guppyfry_shop_venom
D:6:      layout_gridville, kennysheep_mini_moat, serial_bayou,
          serial_bayou_lagoon_a, serial_bayou_shore_a, serial_bayou_pond_c,
          serial_bayou_shore_b, serial_bayou_shore_b, serial_bayou_pond_c,
          grunt_ministairs_14, uniq_sigmund
D:7:      layout_basic, minitemple, basic_altar
D:8:      layout_layer_cave, minmay_shop_damaged, the_bakery, minmay_ruffians,
          uniq_joseph, uniq_prince_ribbit1
D:9:      layout_rooms, erik_lair_island, uniq_grum, uniq_erica, uniq_gastronok,
          uniq_harold
D:10:     layout_loops_cross, orc_0_dummy, enter_trove_2
D:11:     layout_roguey, enter_bailey_3, dk_vineyard_3, uniq_fannar
Lair:1:   layout_cave_shapes, gauntlet_entry_generic, wad_woods_river_01,
          grunt_megastairs_5, minmay_lair_oklob_chamber
Bailey:   bailey_polearm_flooded_kennysheep, bailey
Gauntlet: minmay_gauntlet_mixed_oops_all_seconds
          [minmay_gauntlet_arena_77_two_lines, gammafunk_gauntlet_arena_spirals,
          minmay_gauntlet_arena_77_mirror, nicolae_gauntlet_arena_x,
          minmay_gauntlet_arena_77_double_cross, nicolae_gauntlet_swirl,
          gauntlet_exit_hidden_loot]

Skill      XL: |  1  2  3  4  5  6  7  8  9 10 11 12 13 |
---------------+----------------------------------------+-----
Maces & Flails | 3 4 5 6 7 8 11 13 14 | 14.0
Fighting       | 6 10 11 | 11.0
Evocations     | 3 4 6 7 |  7.1
Armour         | 4 6 |  6.0
Dodging        | 4 |  4.0

Action                   |  1- 3 |  4- 6 |  7- 9 | 10-12 | 13-15 || total
-------------------------+-------+-------+-------+-------+-------++-------
Melee: Mace              |    76 |   149 |   327 |   528 |    36 ||  1116
       Kick              |     5 |    35 |    73 |   193 |    21 ||   327
       Headbutt          |       |    14 |    47 |   109 |    13 ||   183
Throw: Stone             |       |    10 |    35 |    23 |       ||    68
       Tomahawk          |       |       |     3 |     7 |       ||    10
       Javelin           |       |       |       |     1 |     1 ||     2
 Abil: Blink             |       |       |       |    14 |       ||    14
Evoke: Wand              |       |       |       |    24 |     7 ||    31
       Lamp of fire      |       |       |       |     1 |       ||     1
  Use: Potion            |       |     1 |     2 |     7 |     3 ||    13
       Scroll            |       |     7 |     5 |     5 |     2 ||    19
 Stab: Paralysed         |       |     1 |     1 |     7 |     4 ||    13
       Invisible         |       |     2 |       |       |       ||     2
       Petrified         |       |       |     1 |       |       ||     1
       Confused          |       |       |       |     6 |       ||     6
       Petrifying        |       |       |       |     1 |       ||     1
       Distracted        |       |       |       |     1 |       ||     1
  Eat: Chunk             |       |     4 |    11 |    18 |       ||    33
       Ration            |       |       |       |     2 |       ||     2
Armor: Leather armour    |    31 |    12 |       |       |       ||    43
       Chain mail        |       |    57 |    70 |   183 |    11 ||   321
       Plate armour      |       |       |    69 |    91 |       ||   160
Dodge: Dodged            |    55 |    45 |    48 |   139 |    11 ||   298

Table legend:
 A = Non-vault XP
 B = Vault XP
 C = Vault XP percentage of total XP
 D = Non-vault monster count
 E = Vault monster count
 F = Vault count percentage of total count
                 A         B        C        D         E       F
            +---------+---------+-------+---------+---------+-------
      Total |   13917 |    9886 |  41.5 |     279 |      81 |  22.5
            +---------+---------+-------+---------+---------+-------
        D:1 |      30 |       0 |   0.0 |      10 |       0 |   0.0
        D:2 |     152 |       0 |   0.0 |      36 |       0 |   0.0
        D:3 |     380 |       0 |   0.0 |      34 |       0 |   0.0
        D:4 |     479 |      70 |  12.8 |      22 |       1 |   4.3
        D:5 |     597 |     155 |  20.6 |      25 |       3 |  10.7
        D:6 |     661 |     220 |  25.0 |      18 |       1 |   5.3
        D:7 |     893 |       0 |   0.0 |      28 |       0 |   0.0
        D:8 |    1611 |    1802 |  52.8 |      32 |       8 |  20.0
        D:9 |    2671 |    2528 |  48.6 |      33 |      14 |  29.8
       D:10 |    2256 |       0 |   0.0 |      16 |       0 |   0.0
       D:11 |    4187 |    1004 |  19.3 |      25 |       5 |  16.7
     Bailey |       0 |    2513 | 100.0 |       0 |      39 | 100.0
   Gauntlet |       0 |    1594 | 100.0 |       0 |      10 | 100.0
            +---------+---------+-------+---------+---------+-------
